 Dungeon Crawl Stone Soup version 0.29.1-15-g9cfb28693d (webtiles) character file.

Game seed: 4311499631747054493

279 H0rd4k the Charlatan (level 6, -4/46 HPs)
             Began as a Human Artificer on Apr 19, 2023.
             Slain by an ice beast (5 damage)
             ... on level 5 of the Dungeon.
             The game lasted 00:06:58 (6601 turns).

H0rd4k the Charlatan (Human Artificer)              Turns: 6601, Time: 00:06:59

Health: -4/46      AC:  9    Str: 12    XL:     6   Next: 52%
Magic:  6/6        EV:  6    Int: 14    God:
Gold:   148        SH:  0    Dex: 19    Spells: 5/5 levels left

rFire   + . .      SeeInvis .   r - +0 flail
rCold   . . .      Faith    .   (no shield)
rNeg    . . .      Spirit   .   s - +0 chain mail
rPois   .          Reflect  .   (no helmet)
rElec   .          Harm     .   (no cloak)
rCorr   .          Rampage  .   (no gloves)
Will    .....                   e - +0 pair of boots
Stlth   ..........              m - amulet of magic regeneration
HPRegen 0.15/turn               k - ring of protection from fire
MPRegen 0.50/turn               p - +6 ring of dexterity

@: no status effects
A: no striking features
a: no special abilities


You were on level 5 of the Dungeon.
You visited 1 branch of the dungeon, and saw 5 of its levels.

You collected 148 gold pieces.

Inventory:

Hand Weapons
 q - a +0 falchion
 r - a +0 flail (weapon)
Armour
 b - a +0 leather armour
 e - a +0 pair of boots (worn)
 s - a +0 chain mail (worn)
Magical Staves
 o - a staff of fire
 u - a staff of conjuration
Jewellery
 k - a ring of protection from fire (left hand)
 m - an amulet of magic regeneration (around neck)
 p - a +6 ring of dexterity (right hand)
Scrolls
 c - a scroll of fear {unknown}
 h - a scroll of blinking {unknown}
 i - 2 scrolls of identify {unknown}
 l - a scroll of teleportation {unknown}
 n - a scroll of amnesia {unknown}
 t - a scroll of fog {unknown}
Potions
 a - a potion of curing {unknown}
 g - a potion of mutation {unknown}
 j - a potion of flight {unknown}


   Skills:
 + Level 2.9 Fighting
 - Level 1.0 Maces & Flails
 - Level 2.0 Armour
 + Level 3.2 Dodging
 + Level 2.4 Stealth
 + Level 4.5 Evocations


You had 5 spell levels left.
You didn't know any spells.
Your spell library contained the following spells:

 Spells                   Type           Power      Damage    Failure   Level
 Slow                     Hex            0%         N/A       100%        1
 Confusing Touch          Hex            0%         N/A       100%        3
 Gell's Gravitas          Tloc           0%         N/A       100%        3
 Lesser Beckoning         Tloc           0%         N/A       100%        3
 Teleport Other           Tloc           0%         N/A       100%        3
 Vampiric Draining        Necr           0%         2d6       100%        3


Dungeon Overview and Level Annotations

Branches:
Dungeon (5/15)
 Temple: D:4-7

Altars:
Okawaru

Shops:
D:2 [?(

Portals:
Sewer: D:5

Annotations:
D:2 exclusion: downstairs


Message History

The adder bites you but does no damage. The adder bites you.
The giant cockroach bites you but does no damage. x2
The ice beast closely misses you. The adder bites you but does no damage.
The adder barely misses you.
The giant cockroach splashes around in the water.
You barely miss the adder.
The adder bites you but does no damage. x2
The giant cockroach bites you but does no damage. x2
The ice beast hits you but does no damage.
You miss the adder. The adder barely misses you. x2
The giant cockroach barely misses you.
The giant cockroach bites you but does no damage.
The ice beast barely misses you. The adder barely misses you. x2
The giant cockroach barely misses you.
The giant cockroach bites you but does no damage.
Unknown command.
You barely miss the adder.
You flicker back into view.
The adder bites you but does no damage. The adder bites you.
The ice beast hits you. The ice beast freezes you!
The giant cockroach closely misses you.
The giant cockroach splashes around in the water.
The adder bites you but does no damage. x2
The ice beast hits you but does no damage.
The giant cockroach bites you.
* * * LOW HITPOINT WARNING * * *
You closely miss the adder.
The giant cockroach splashes around in the water.
The adder bites you but does no damage. The adder bites you.
* * * LOW HITPOINT WARNING * * *
The giant cockroach splashes around in the water.
The ice beast hits you.
* * * LOW HITPOINT WARNING * * *
The ice beast freezes you.
* * * LOW HITPOINT WARNING * * *
The giant cockroach barely misses you. The adder bites you but does no damage.
The adder barely misses you. The ice beast attacks as you move away!
The ice beast hits you.
* * * LOW HITPOINT WARNING * * *
The ice beast freezes you.
You die...

....... ........#
........##
.........##
......#...#
..........#
.#######.######
.#~~~~B#Y.....##
.#~~∩BB@S......##
.#~~~~S#........#
!#######.......<#
................#
................#
................#
...............##
................
.........


You could see an ice beast, 2 adders and 3 giant cockroaches.

Vanquished Creatures
  A phantom (D:4)
  An orc priest (D:4)
  5 gnolls
  3 adders
  2 dart slugs
  9 orcs
  8 ball pythons
  6 bats
  6 endoplasms
  3 giant cockroaches
  4 goblins
  9 hobgoblins
  4 jackals (D:3)
  3 quokkas
  4 frilled lizards (D:1)
  4 kobolds
  5 rats
  A spectral kobold (D:1)
78 creatures vanquished.

Vanquished Creatures (collateral kills)
  A dart slug (D:4)
  2 orcs (D:2)
  An endoplasm (D:3)
  2 hobgoblins
  A rat (D:1)
7 creatures vanquished.

Vanquished Creatures (others)
  An orc (D:2)
  An endoplasm (D:3)
  A quokka (D:3)
3 creatures vanquished.

Grand Total: 88 creatures vanquished

Notes
Turn   | Place    | Note
-------+----------+-------------------------------------------
     0 | D:1      | H0rd4k the Human Artificer began the quest for the Orb.
     0 | D:1      | Reached XP level 1. HP: 15/15 MP: 1/1
    89 | D:1      | Reached XP level 2. HP: 8/21 MP: 2/2
   659 | D:1      | Found a faded altar of an unknown god.
   720 | D:1      | Reached XP level 3. HP: 12/26 MP: 3/3
  1866 | D:1      | Reached skill level 1 in Maces & Flails
  2571 | D:1      | Reached XP level 4. HP: 10/32 MP: 4/4
  2833 | D:2      | Found Ruycvat's Armour Boutique.
  3396 | D:2      | Reached skill level 4 in Evocations
  3636 | D:2      | Found Gedgh's Weapon Shop.
  3722 | D:2      | Found Cirryru's Magic Scroll Boutique.
  3988 | D:2      | Reached XP level 5. HP: 31/38 MP: 5/5
  4730 | D:2      | HP: 1/38 [orc/+0 club (3)]
  5427 | D:3      | Noticed an ogre
  5476 | D:3      | You fall into a shaft and drop 1 floor!
  5477 | D:4      | Found an iron altar of Okawaru.
  5571 | D:4      | Noticed a phantom
  5575 | D:4      | Killed a phantom
  5576 | D:4      | Reached XP level 6. HP: 43/46 MP: 6/6
  6406 | D:5      | Entered Level 5 of the Dungeon
  6583 | D:5      | Found a glowing drain.
  6583 | D:5      | Noticed an ice beast
  6601 | D:5      | HP: 1/46 [ice beast (3)]
  6601 | D:5      | Slain by an ice beast

Illustrated notes

Levels and vault maps discovered:
D:1:      evilmike_arrival_crescent, layout_basic,
          dreamdust_ecumenical_altar_drowned_temple
D:2:      layout_basic, serial_corexii_hall, corexii_hall_statues_u,
          chequers_hall_statues_wall_a, serial_shops, shop,
          nicolae_shop_statue_plus, shop_statue
D:3:      layout_rooms, minivault_14
D:4:      layout_loops_cross, mainiacjoe_overflow_boulevard,
          nemelex_xobeh_ov_fountains_minmay, serial_shops, nicolae_shop_crystal,
          minmay_manual_moon, uniq_natasha, uniq_sigmund
D:5:      layout_rooms, nicolae_overflow_hallway_of_the_gods,
          minmay_temple_entry_ruins, gup_sewer_entry_glass,
          minmay_fractal_squares_5

Skill      XL: |  1  2  3  4  5 |
---------------+----------------+-----
Maces & Flails | 1 |  1.0
Dodging        | 2 3 |  3.2
Evocations     | 4 |  4.5
Fighting       | 2 |  2.9
Stealth        | 2 |  2.4
Armour         | |  2.0

Action                   |  1- 3 |  4- 6 || total
-------------------------+-------+-------++-------
Melee: Club              |   189 |    98 ||   287
       Punch             |     2 |       ||     2
       Flail             |       |   102 ||   102
       Falchion          |       |     9 ||     9
Evoke: Wand              |     7 |    28 ||    35
  Use: Potion            |       |     1 ||     1
 Stab: Sleeping          |     1 |     3 ||     4
       Invisible         |       |     1 ||     1
Armor: Leather armour    |    64 |    47 ||   111
       Chain mail        |       |    53 ||    53
Dodge: Dodged            |   129 |   188 ||   317
